 Dungeon Crawl Stone Soup version 0.31-a0-233-g139696dc86 (webtiles) character file.

Game seed: 995781970176400563

67 qw the Shooter (level 3, -2/29 HPs)
             Began as a Minotaur Hexslinger on July 8, 2023.
             Killed from afar by an orc wizard (7 damage)
             ... with a puff of flame
             ... on level 3 of the Dungeon.
             The game lasted 00:00:31 (1311 turns).

qw the Shooter (Minotaur Hexslinger)                Turns: 1311, Time: 00:00:32

Health: -2/29      AC:  2    Str: 12    XL:     3   Next: 98%
Magic:  3/3        EV: 12    Int: 10    God:
Gold:   159        SH:  0    Dex: 14    Spells: 3/4 levels left

rFire   . . .        Y - +1 sling (chaos)
rCold   . . .        (no shield)
rNeg    . . .        c - +0 robe
rPois   .            (helmet restricted)
rElec   .            (no cloak)
rCorr   .            (no gloves)
SInv    .            (no boots)
Will    .....        (no amulet)
Stlth   +            (no ring)
HPRegen 0.24/turn    (no ring)
MPRegen 0.08/turn

%: no passive effects
@: confused, lethally poisoned (-2 -> -3)
A: horns 2, retaliatory headbutt
a: no special abilities


You were on level 3 of the Dungeon.
You visited 1 branch of the dungeon, and saw 3 of its levels.

You collected 159 gold pieces.


Innate Abilities, Weirdness & Mutations

You have a pair of horns on your head.
You reflexively headbutt those who attack you in melee.


   Skills:
 - Level 2.0 Fighting
 + Level 4.5 Ranged Weapons
 - Level 2.1 Dodging
 - Level 1.0 Spellcasting
 - Level 2.0 Hexes


You had 3 spell levels left.
You knew the following spells:

 Your Spells              Type           Power      Damage    Failure   Level
a - Slow                  Hex            16%        N/A       16%         1

Your spell library contained the following spells:

 Spells                   Type           Power      Damage    Failure   Level
 Inner Flame              Hex/Fire       2%         N/A       56%         3
 Portal Projectile        Hex/Tloc       4%         N/A       56%         3
 Cause Fear               Hex            2%         N/A       83%         4

Inventory:

Hand Weapons
 Y - a +1 sling of chaos (weapon)
Armour
 c - a +0 robe (worn)
Scrolls
 a - 2 scrolls of identify
Potions
 i - a potion of heal wounds

Dungeon Overview and Level Annotations

Branches:
Dungeon (3/15)

Altars:


Message History

Something hits you. The orc hits you with a +0 falchion.
You feel less confused. Something hits you.
The orc hits you with a +0 falchion.
You shoot a sling bullet.
The sling bullet hits the orc but does no damage.
Something hits you but does no damage. The orc misses you.
You furiously retaliate!
You headbutt the orc!
You kill the orc!
You shoot a sling bullet.
The sling bullet closely misses the adder.
The sling bullet barely misses the hobgoblin.
The adder closely misses you. You furiously retaliate!
You headbutt the adder. Something hits you.
You shoot a sling bullet.
The sling bullet barely misses the adder.
The sling bullet hits the hobgoblin.
You kill the hobgoblin!
The adder bites you.
You are poisoned.
The adder poisons you! Something hits you. The adder bites you.
You shoot a sling bullet. The sling bullet hits the adder.
You kill the adder!
You feel sick.
You hear some strange, mumbled words.
Something tries to affect you, but you resist.
The orc barely misses you. You furiously retaliate!
You headbutt the orc!
You kill the orc!
You hear some strange, mumbled words.
You are confused.
You shoot a sling bullet.
You feel sick.
You hear some strange, mumbled words.
A puff of flame appears from out of thin air!
The puff of flame misses you.
You shoot a sling bullet.
You feel sick.
An orc wizard appears from thin air!
Reactivating autopickup.
The orc wizard gestures at you while chanting.
The puff of flame hits you!
You die...

..........
.........
........
#.....
#.... .#
..?# .#
#)#### .#
#@o..### .#
####...#
##.# ###.#
#.. #.###.#
#...#.#####
#......>..#
#........<#
#.........#
#.........#


You could see an orc wizard.

Vanquished Creatures
  An adder (D:3)
  A worm (D:2)
  5 orcs (D:3)
  3 bats
  4 endoplasms
  A giant cockroach (D:1)
  5 goblins
  3 hobgoblins
  6 jackals (D:1)
  A quokka (D:1)
  A ball python (D:1)
  6 frilled lizards
  4 kobolds
  5 rats
46 creatures vanquished.

Notes
Turn   | Place    | Note
-------+----------+-------------------------------------------
     0 | D:1      | qw the Minotaur Hexslinger began the quest for the Orb.
     0 | D:1      | Reached XP level 1. HP: 16/16 MP: 1/1
     0 | D:1      | 0 ||| qw: Version: 0.3-a-46-gb1f654a
     0 | D:1      | 0 ||| qw: Game counter: 3489
     0 | D:1      | 0 ||| qw: Melee chars always use a shield: true
     0 | D:1      | 0 ||| qw: God list: Okawaru
     0 | D:1      | 0 ||| qw: Allow faded altars: false
     0 | D:1      | 0 ||| qw: Do Orc after clearing Dungeon:15 true
     0 | D:1      | 0 ||| qw: Do second Lair branch before Depths: true
     0 | D:1      | 0 ||| qw: Lair rune preference: random
     0 | D:1      | 0 ||| qw: Goals: Normal
     0 | D:1      | 0 ||| PLANNING D:1-11
    66 | D:1      | Reached skill level 3 in Ranged Weapons
   147 | D:1      | Reached XP level 2. HP: 23/23 MP: 2/2
   674 | D:1      | 674 ||| READING 4 scrolls labelled PADDAS XINUTOWY.
   675 | D:1      | 675 ||| READING scroll labelled UVEDWOAPODA.
   676 | D:1      | 676 ||| READING scroll labelled REPIBY GUARYO.
   720 | D:1      | 720 ||| READING scroll labelled OCVYCUOTUS.
   721 | D:1      | 721 ||| READING scroll labelled HOTTAN IROI.
   822 | D:1      | 822 ||| READING scroll labelled ASHUDWU UJOIN.
   823 | D:1      | 823 ||| READING 3 scrolls of identify.
   823 | D:1      | 823 ||| IDENTIFYING fuming dark potion
   824 | D:1      | 824 ||| DROPPING scroll of poison.
   878 | D:2      | Reached XP level 3. HP: 29/29 MP: 3/3
  1096 | D:2      | Reached skill level 4 in Ranged Weapons
  1245 | D:2      | 1245 ||| READING scroll labelled OROJI HULATOJ.
  1246 | D:2      | 1246 ||| READING 3 scrolls of identify.
  1246 | D:2      | 1246 ||| IDENTIFYING murky pink potion
  1247 | D:2      | 1247 ||| DROPPING potion of attraction.
  1309 | D:3      | HP: 6/29 [poisoned by an adder]
  1311 | D:3      | Killed from afar by an orc wizard

Levels and vault maps discovered:
D:1:      amcnicky_arrival_gap_in_the_tavern_cellar, layout_loops_ring
D:2:      layout_basic
D:3:      layout_rooms, nzn_hepliaklqana_mist_gate,
          nicolae_overflow_crystal_walls, minmay_misc_feat_nine_boxes,
          kennysheep_generic_room_13

Skill      XL: |  1  2  3 |
---------------+----------+-----
Ranged Weapons | 3 4 |  4.5
Fighting       | 2 |  2.0
Dodging        | |  2.1
Spellcasting   | |  1.0
Hexes          | |  2.0

Action                     || total
---------------------------++-------
   Fire: Sling             ||   126
    Use: Scroll            ||     9
 Armour: Robe              ||     7
  Dodge: Dodged            ||    26

Table legend:
 A = Non-vault XP
 B = Vault XP
 C = Vault XP percentage of total XP
 D = Non-vault monster count
 E = Vault monster count
 F = Vault count percentage of total count
                 A         B        C        D         E       F
            +---------+---------+-------+---------+---------+-------
      Total |      96 |       0 |   0.0 |      46 |       0 |   0.0
            +---------+---------+-------+---------+---------+-------
        D:1 |      37 |       0 |   0.0 |      23 |       0 |   0.0
        D:2 |      26 |       0 |   0.0 |      14 |       0 |   0.0
        D:3 |      33 |       0 |   0.0 |       9 |       0 |   0.0
            +---------+---------+-------+---------+---------+-------
